 Dungeon Crawl Stone Soup version 0.31-a0-426-g3a05650e59 (webtiles) character file.

Game seed: 11689692856805295774

102 LeprechaunX the Ruffian (level 4, 0/29 HPs)
             Began as an Octopode Shapeshifter on July 31, 2023.
             Slain by a river rat (3 damage)
             ... on level 3 of the Dungeon.
             The game lasted 00:02:55 (1685 turns).

LeprechaunX the Ruffian (Octopode Shapeshifter)     Turns: 1685, Time: 00:02:55

Health: 0/29       AC:  1    Str: 16    XL:     4   Next: 78%
Magic:  4/4        EV: 13    Int: 10    God:
Gold:   97         SH:  0    Dex: 12    Spells: 3/3 levels left

rFire   . .          .
                       - Unarmed
rCold   . . .        (no shield)
rNeg    . . .        (helmet currently unavailable)
rPois   .            (no amulet)
rElec   .            (no ring)
rCorr   .            (no ring)
SInv    .            (no ring)
Will    .....        (no ring)
Stlth   ++           (no ring)
HPRegen 0.24/turn    (no ring)
MPRegen 0.09/turn    (no ring)
                     (no ring)

%: no passive effects
@: beast-form
A: beast (slay +2), almost no armour, amphibious, 8 rings, camouflage 1,
gelatinous body 1, (nimble swimmer 1), tentacles
a: Begin Untransformation


You were on level 3 of the Dungeon.
You were a hulking beast.
You visited 1 branch of the dungeon, and saw 3 of its levels.

You collected 97 gold pieces.

Inventory:

Talismans
 b - a beast talisman (active)
Scrolls
 e - a scroll of identify {unknown}
 f - a scroll of blinking {unknown}
 i - a scroll of noise {unknown}
 j - a scroll of brand weapon {unknown}
 l - a scroll of enchant weapon {unknown}
 o - a scroll of poison {unknown}
Potions
 a - a potion of lignification
 c - a potion of haste {unknown}
 d - 2 potions of cancellation {unknown}
 g - a potion of magic {unknown}
 h - 2 potions of curing {unknown}
 k - a potion of resistance {unknown}
 m - a potion of enlightenment {unknown}
 n - a potion of berserk rage {unknown}


   Skills:
 + Level 2.0 Fighting
 + Level 2.7 Dodging
 * Level 4.1 Unarmed Combat
 + Level 3.4 Shapeshifting


You had 3 spell levels left.
You didn't know any spells.
Your spell library contained the following spells:

 Spells                   Type           Power      Damage    Failure   Level
 Dazzling Flash           Conj/Hex       0%         N/A       75%         3
 Agony                    Necr           0%         N/A       100%        5
 Silence                  Hex/Air        0%         N/A       100%        5


Dungeon Overview and Level Annotations

Branches:
Dungeon (3/15)

Altars:

Portals:
Sewer: D:3


Innate Abilities, Weirdness & Mutations

You are a hulking beast.
Your limbs bulge with bestial killing power. (Slay +2)
You cannot wear most types of armour.
You are amphibious.
You can wear up to eight rings at the same time.
Your skin changes colour to match your surroundings (Stealth+).
Your rubbery body absorbs attacks. (AC +1, EV +1)
((You are camouflaged when in or above water. (Stealth+)))
You have tentacles for arms and can constrict up to eight enemies at once.


Message History

There is an entrance to a sewer on this level.
Hurry and find it before the portal rusts away!
The ball python hisses angrily.
Found a scroll labelled HUKIORAUZY.
Found a glowing drain.
There is a stone staircase leading up here.
There are monsters nearby!
The adder hisses angrily.
A hobgoblin comes into view.
The ball python bites you. The ball python grabs you.
The ball python constricts you.
You escape the ball python's grasp.
You swing at nothing.
The adder bites you. The ball python bites you. The ball python grabs you.
The ball python constricts you.
You miss the adder. You grab the adder.
You constrict the adder, but do no damage.
The adder bites you. The ball python bites you. The ball python constricts you.
You barely miss the adder. You constrict the adder.
The adder bites you but does no damage. The ball python misses you.
The ball python constricts you.
You tentacle-slap the adder. You squeeze the adder.
The adder is almost dead.
You constrict the adder. The adder misses you. The ball python bites you.
The ball python constricts you.
You tentacle-slap the adder.
You kill the adder!
The ball python barely misses you. The ball python constricts you.
You closely miss the ball python. You grab the ball python.
You constrict the ball python. The ball python bites you.
The ball python constricts you.
You bludgeon the ball python!
You kill the ball python!
You tentacle-slap the river rat but do no damage.
You grab the river rat. You squeeze the river rat.
The river rat is moderately wounded.
You constrict the river rat. The river rat bites you!
* * * LOW HITPOINT WARNING * * *
You tentacle-slap the river rat but do no damage.
The river rat is heavily wounded.
You constrict the river rat, but do no damage.
The river rat bites you.
You die...

#...# #...# #...#
#...# #...# #...#
####### #...#
....... #..h#
.......##+#+#r#
.........?..S.####
....................
J......<............
....................
....................
..........#+#.......
....~~~.... #....g..


You could see a river rat and a ball python (wandering).

Vanquished Creatures
  3 gnolls (D:2)
  2 adders
  5 dart slugs
  5 endoplasms
  A giant cockroach (D:2)
  3 hobgoblins (D:1)
  A quokka (D:1)
  5 ball pythons
  4 bats
  6 frilled lizards
  4 goblins
  4 kobolds (D:1)
  6 rats
49 creatures vanquished.

Notes
Turn   | Place    | Note
-------+----------+-------------------------------------------
     0 | D:1      | LeprechaunX the Octopode Shapeshifter began the quest for
                  | the Orb.
     0 | D:1      | Reached XP level 1. HP: 13/13 MP: 1/1
    35 | D:1      | Found a faded altar of an unknown god.
   152 | D:1      | Reached XP level 2. HP: 18/18 MP: 2/2
   651 | D:1      | Reached XP level 3. HP: 23/23 MP: 3/3
  1184 | D:2      | Reached XP level 4. HP: 28/29 MP: 4/4
  1432 | D:2      | Reached skill level 4 in Unarmed Combat
  1669 | D:3      | Found a glowing drain.
  1685 | D:3      | Slain by a river rat

Illustrated notes

Levels and vault maps discovered:
D:1:      lightli_arrival_farm, layout_basic, basic_ecumenical_altar,
          hangedman_decor_diamond_cutter
D:2:      layout_loops_corners
D:3:      layout_basic, nicolae_overflow_macrodata_refinement,
          portal_sewer_entry_a, minmay_misc_feat_cross,
          nicolae_kite_square_tiling_tiny

Skill      XL: |  1  2  3  4 |
---------------+-------------+-----
Unarmed Combat | 4 |  4.1
Fighting       | 2 |  2.0
Dodging        | |  2.7
Shapeshifting  | |  3.4

Action                     |  1- 3 |  4- 6 || total
---------------------------+-------+-------++-------
  Melee: Unarmed           |    52 |    32 ||    84
         Tentacles         |     9 |     7 ||    16
         Punch             |     1 |       ||     1
         Constrict         |    14 |    12 ||    26
   Stab: Sleeping          |     6 |     3 ||     9
 Armour: Skin              |     3 |     3 ||     6
  Dodge: Dodged            |    20 |    20 ||    40

Table legend: (Time is in decaauts)
 A = Elapsed time spent in this place.
 B = Non-inter-level travel time spent in this place.
 C = Inter-level travel time spent in this place.
 D = Time resting spent in this place.
 E = Time spent auto-exploring this place.
 F = Levels seen in this place.
 G = Mean time per level.
                   A        B        C        D        E       F      G
               +--------+--------+--------+--------+--------+-----+--------+
         Total |   1678 |   1636 |     42 |      0 |   1365 |   3 |  559.3 |
       Dungeon |   1678 |   1636 |     42 |      0 |   1365 |   3 |  559.3 |
               +--------+--------+--------+--------+--------+-----+--------+

Top non-repeatable levels by time:
     D:2: 902 daAuts
     D:1: 760 daAuts
     D:3: 15 daAuts
